 Dungeon Crawl Stone Soup version 0.24.0 (webtiles) character file.

Game seed: 18105183227602245450, levelgen mode: deterministic

16110 Buxparty the Blocker (level 12, -1/76 HPs)
             Began as a Gargoyle Fighter on Feb 15, 2020.
             Was an Initiate of Gozag.
             Slain by a white ugly thing (9 damage)
             ... in an ice cave on Feb 16, 2020.
             The game lasted 00:37:10 (12082 turns).

Buxparty the Blocker (Gargoyle Fighter)            Turns: 12082, Time: 00:37:11

Health: -1/76      AC: 23    Str: 30    XL:     12   Next: 34%
Magic:  12/12      EV: 15    Int:  8    God:    Gozag
Gold:   1371       SH:  4    Dex: 12    Spells: 11/11 levels left

rFire    . . .     SeeInvis +   M - +13 scythe of Curses {drain, *Curse} (curse)
rCold    + . .     Gourm    .   (shield currently unavailable)
rNeg     + . .     Faith    .   T - +1 leather armour "Suchat" {Regen+ Slay+5} (curse)
rPois    ∞         Spirit   .   e - +1 hat (curse)
rElec    +         Reflect  +   W - +0 cloak (curse)
rCorr    .         Harm     .   m - +2 pair of gloves (curse)
MR       +....                  P - +2 pair of boots of Compression {rElec Str+3 SInv} (curse)
Stlth    +.........             X - +4 amulet of reflection (curse)
HPRegen  0.62/turn              A - +2 ring of slaying (curse)
MPRegen  0.13/turn              Y - ring of Loduimi {rElec rC+ MR+ Str+4} (curse)

@: gold aura
A: negative energy resistance 1, electricity resistance, unbreathing,
petrification resistance, rot immunity, AC +8
a: Potion Petition, Call Merchant, Bribe Branch, Renounce Religion


You were in an ice cave.
You worshipped Gozag.
Gozag was most pleased with you.
You were not hungry.

You visited 3 branches of the dungeon, and saw 15 of its levels.
You also visited: Ice Cave.

You collected 3329 gold pieces.
You spent 1058 gold pieces at shops.
You paid 900 gold pieces to Gozag.

Inventory:

Hand Weapons
 c - a cursed +2 scimitar of flaming
 M - the cursed +13 scythe of Curses (weapon) {drain, *Curse}
   (You found it on level 10 of the Dungeon)

   A truly terrible weapon, it drains the life of those it strikes.
   It curses itself when equipped.
   It has a curse placed upon it.
 Q - a cursed +1 great sword of holy wrath
Missiles
 n - 76 poisoned darts (quivered)
 s - a throwing net
 B - 6 curare-tipped darts
Armour
 e - a cursed +1 hat (worn)
 m - a cursed +2 pair of gloves (worn)
 P - the cursed +2 pair of boots of Compression (worn) {rElec Str+3 SInv}
   (You found it on level 10 of the Dungeon)

   It affects your strength (+3).
   It insulates you from electricity.
   It lets you see invisible.
   It has a curse placed upon it.
 T - the cursed +1 leather armour "Suchat" (worn) {Regen+ Slay+5}
   (You found it on level 10 of the Dungeon)

   It affects your accuracy and damage with ranged weapons and melee attacks
   (+5).
   It increases your rate of regeneration.
   It has a curse placed upon it.
 W - a cursed +0 cloak (worn)
Jewellery
 A - a cursed +2 ring of slaying (left hand)
 X - a cursed +4 amulet of reflection (around neck)
 Y - the cursed ring of Loduimi (right hand) {rElec rC+ MR+ Str+4}
   (You bought it in a shop on level 10 of the Dungeon)

   [ring of protection from magic]

   It affects your strength (+4).
   It protects you from cold.
   It insulates you from electricity.
   It affects your resistance to hostile enchantments.
   It has a curse placed upon it.
Wands
 b - a wand of paralysis (9)
 C - a wand of random effects (15)
 D - a wand of enslavement (31)
 H - a wand of flame (32)
 S - a wand of iceblast (8)
Scrolls
 a - a scroll of brand weapon {unknown}
 h - a scroll of fear
 j - 5 scrolls of blinking
 k - 6 scrolls of remove curse
 l - 6 scrolls of teleportation
 p - 6 scrolls of identify {unknown}
 r - 4 scrolls of fog {unknown}
 u - a scroll of noise {unknown}
 z - 2 scrolls of vulnerability {unknown}
 E - a scroll of random uselessness {unknown}
 F - a scroll of magic mapping {unknown}
 K - 2 scrolls of amnesia {unknown}
 N - a scroll of enchant weapon {unknown}
 R - a scroll of immolation {unknown}
 V - a scroll of enchant armour {unknown}
Potions
 d - a potion of might
 g - 3 potions of degeneration {unknown}
 i - a potion of flight {unknown}
 o - a potion of magic
 q - a potion of berserk rage {unknown}
 t - a potion of haste {unknown}
 v - 6 potions of curing
 w - 2 potions of heal wounds
 x - a potion of ambrosia {unknown}
 I - a potion of mutation {unknown}
 U - a potion of brilliance {unknown}
 Z - 2 potions of invisibility {unknown}
Comestibles
 f - 11 rations


   Skills:
 - Level 9.0 Fighting
 - Level 8.6 Long Blades
 * Level 7.7 Polearms
 - Level 9.0 Armour
 + Level 6.9 Dodging
   Level 9.0 Shields


You had 11 spell levels left.
You didn't know any spells.
Your spell library contained the following spells:

 Spells                   Type           Power        Failure   Level  Hunger
 Animate Skeleton         Necr           N/A          43%         1    ##.....
 Freeze                   Ice            #...         43%         1    ##.....
 Infusion                 Chrm           #...         43%         1    ##.....
 Pain                     Necr           #...         43%         1    ##.....
 Shroud of Golubria       Chrm/Tloc      #.....       56%         2    ###....
 Song of Slaying          Chrm           #.......     56%         2    ###....
 Throw Frost              Conj/Ice       #.....       56%         2    ###....
 Ozocubu's Armour         Chrm/Ice       #.......     80%         3    ####...
 Regeneration             Chrm/Necr      #.........   80%         3    ####...
 Spectral Weapon          Hex/Chrm       #.......     80%         3    ####...
 Vampiric Draining        Necr           #.........   80%         3    ####...
 Animate Dead             Necr           N/A          99%         4    #####..
 Summon Ice Beast         Ice/Summ       #.......     99%         4    #####..
 Throw Icicle             Conj/Ice       #.......     99%         4    #####..
 Bolt of Magma            Conj/Fire/Erth #.........   100%        5    ######.
 Iskenderun's Battlesphe  Conj/Chrm      #.......     100%        5    ######.
 Venom Bolt               Conj/Pois      #.........   100%        5    ######.
 Iron Shot                Conj/Erth      #.........   100%        6    #######
 Orb of Destruction       Conj           #.........   100%        7    #######
 Spellforged Servitor     Conj/Summ      #.........   100%        7    #######


Dungeon Overview and Level Annotations

Branches:
Dungeon (13/15)            Temple (1/1) D:6            Lair (1/6) D:10
    Orc (0/2) D:12          IceCv (1/1)
 Vaults: D:13-14

Altars:
Ashenzari
Cheibriados
Dithmenos
Elyvilon
Fedhas
Gozag
Hepliaklqana
Kikubaaqudgha
Makhleb
Nemelex Xobeh
Okawaru
Qazlal
Ru
Sif Muna
Trog
Uskayaw
Vehumet
Wu Jian
Xom
Yredelemnul
Zin
The Shining One

Shops:
D:10 =

Annotations:
D:9 3 runed translucent doors, centipede's ghost, journeyman DsWz


Innate Abilities, Weirdness & Mutations

You are resistant to torment.
Your stone body is resilient. (AC +8)
You are immune to poison.
You resist negative energy. (rN+)
You are resistant to electric shocks. (rElec)
You can survive without breathing.
You are immune to petrification.
You are immune to rotting.


Message History

You closely miss the white ugly thing.
The white ugly thing tentacle-slaps you but does no damage.
You closely miss the white ugly thing.
The white ugly thing tentacle-slaps you.
The white ugly thing freezes you! You resist.
The white ugly thing tentacle-slaps you.
The white ugly thing freezes you! You resist.
You completely miss the white ugly thing.
The white ugly thing misses you.
You slice the white ugly thing!!
The white ugly thing pauses, visibly distraught.
The white ugly thing is moderately wounded.
The white ugly thing tentacle-slaps you.
The white ugly thing freezes you! You resist.
* * * LOW HITPOINT WARNING * * *
The white ugly thing tentacle-slaps you.
* * * LOW HITPOINT WARNING * * *
The white ugly thing freezes you! You resist.
You die...
Your body crumbles into a pile of gold.

.......
......
...... ....
... ###$###
##..u..##
##...@...##
#.........#
#.........#
#.........#
#.........#
#$.......$#
#####.#####
#.........#
#.........#


You could see a white ugly thing.

Vanquished Creatures
  A fire dragon (D:11)
  A two-headed ogre (D:12)
  Pikel (D:4)
  2 ugly things
  Psyche (D:7)
  3 ice statues (IceCv)
  An efreet (D:13)
  A hornet (D:9)
  A troll (D:10)
  Prince Ribbit (D:6)
  A hippogriff (D:11)
  A wyvern (D:10)
  19 yaks
  2 acid dragons
  13 ice beasts
  A sky beast (D:12)
  13 orc warriors
  3 black bears
  2 phantoms
  An eye of draining (D:12)
  9 ogres
  A centaur (D:6)
  3 wolves (D:10)
  A crocodile (D:8)
  7 bullfrogs
  4 big kobolds
  A wyvern zombie (D:11)
  2 scorpions
  3 wights (D:13)
  6 killer bees
  8 howler monkeys
  An electric eel (D:10)
  5 crimson imps
  3 centaur zombies
  A centaur skeleton (D:4)
  9 hounds
  10 orc priests
  A jelly (D:8)
  13 orc wizards
  Jessica (D:3)
  6 iguanas
  7 worker ants
  A hound zombie (D:6)
  A hound skeleton (D:4)
  Robin (D:3)
  12 adders
  A shadow imp (D:7)
  12 white imps (D:13)
  3 oozes
  4 worms
  3 dart slugs
  7 leopard geckos
  94 orcs
  13 bats
  4 giant cockroaches
  13 goblins
  18 hobgoblins
  15 jackals
  5 quokkas
  3 ball pythons
  6 frilled lizards
  23 kobolds
  A quokka zombie (D:4)
  3 rats
414 creatures vanquished.

Vanquished Creatures (collateral kills)
  An orc warrior (D:12)
  An orc (D:12)
2 creatures vanquished.

Grand Total: 416 creatures vanquished

Notes
Turn   | Place    | Note
-------+----------+-------------------------------------------
     0 | D:1      | Buxparty the Gargoyle Fighter began the quest for the Orb.
     0 | D:1      | Reached XP level 1. HP: 14/14 MP: 1/1
    64 | D:1      | Reached XP level 2. HP: 19/19 MP: 2/2
   575 | D:2      | Reached XP level 3. HP: 23/23 MP: 3/3
   668 | D:2      | Reached XP level 4. HP: 24/29 MP: 4/4
  1492 | D:3      | Noticed Jessica
  1504 | D:3      | Killed Jessica
  1504 | D:3      | Reached XP level 5. HP: 32/33 MP: 5/5
  1787 | D:3      | Noticed Robin
  1830 | D:3      | Killed Robin
  2532 | D:4      | Found an ancient bone altar of Kikubaaqudgha.
  2602 | D:4      | Reached XP level 6. HP: 35/39 MP: 6/6
  3012 | D:4      | Noticed a slave
  3013 | D:4      | Noticed Pikel
  3015 | D:4      | Noticed a slave
  3057 | D:4      | Killed Pikel
  3057 | D:4      | Reached skill level 5 in Fighting
  3057 | D:4      | Reached skill level 5 in Long Blades
  3057 | D:4      | Reached skill level 5 in Armour
  3057 | D:4      | Reached skill level 5 in Shields
  3057 | D:4      | Reached XP level 7. HP: 38/44 MP: 7/7
  3057 | D:4      | Reached XP level 8. HP: 44/50 MP: 8/8
  3218 | D:4      | Found a bloodstained altar of Trog.
  3270 | D:5      | Entered Level 5 of the Dungeon
  3838 | D:5      | Found a glowing golden altar of the Shining One.
  4177 | D:6      | Found a staircase to the Ecumenical Temple.
  4183 | Temple   | Entered the Ecumenical Temple
  4342 | Temple   | Became a worshipper of Gozag Ym Sagoz the Greedy
  4519 | D:6      | Reached XP level 9. HP: 56/56 MP: 9/9
  4676 | D:6      | Found a white marble altar of Elyvilon.
  4677 | D:6      | Found a sacrificial altar of Ru.
  4679 | D:6      | Found a shimmering blue altar of Sif Muna.
  4715 | D:6      | Noticed Prince Ribbit
  4732 | D:6      | Killed Prince Ribbit
  4732 | D:6      | Reached skill level 1 in Dodging
  6561 | D:8      | Noticed Psyche
  6641 | D:7      | Killed Psyche
  6968 | D:8      | Reached XP level 10. HP: 48/63 MP: 10/10
  7636 | D:9      | Found a runed translucent gate.
  7653 | D:9      | Found a runed translucent gate.
  7653 | D:9      | Found a runed translucent gate.
  7657 | D:9      | Noticed centipede's ghost (journeyman DsWz)
  8151 | D:9      | Found a snail-covered altar of Cheibriados.
  8700 | D:10     | Entered Level 10 of the Dungeon
  8700 | D:10     | Found the cursed +13 scythe of Curses {drain, *Curse}
  8822 | D:10     | Found a staircase to the Lair.
  8845 | D:10     | Reached XP level 11. HP: 69/69 MP: 11/11
  9111 | D:10     | Got a pair of distressingly furry boots
  9122 | D:10     | Identified the +2 pair of boots of Compression {rElec Str+3
                  | SInv} (You found it on level 10 of the Dungeon)
  9380 | D:10     | Got a transparent leather armour
  9391 | D:10     | Identified the cursed +1 leather armour "Suchat" {Regen+
                  | Slay+5} (You found it on level 10 of the Dungeon)
  9736 | D:11     | Noticed a fire dragon
  9748 | D:11     | Killed a fire dragon
 10016 | D:11     | Reached skill level 5 in Dodging
 10057 | D:11     | Noticed a white ugly thing
 10067 | D:11     | Killed a white ugly thing
 10562 | D:11     | Reached skill level 5 in Polearms
 10790 | Lair:1   | Entered Level 1 of the Lair of Beasts
 10795 | D:10     | Bought a +4 amulet of reflection for 351 gold pieces
 10795 | D:10     | Bought the ring of Loduimi {rElec rC+ MR+ Str+4} for 707
                  | gold pieces
 10999 | D:12     | Found a staircase to the Orcish Mines.
 11552 | D:12     | Noticed a two-headed ogre
 11556 | D:12     | Killed a two-headed ogre
 11556 | D:12     | Reached XP level 12. HP: 59/76 MP: 12/12
 11741 | D:13     | Noticed a death knight
 11856 | D:13     | Found a frozen archway.
 11905 | IceCv    | Entered an ice cave
 12082 | IceCv    | Slain by a white ugly thing

Levels and vault maps discovered:
D:1:      dpeg_arrival_rhombus, layout_rooms, grunt_decor_fettered,
          minmay_split_cup_small
D:2:      layout_rooms
D:3:      layout_basic, uniq_robin, uniq_jessica
D:4:      layout_basic, nicolae_overflow_crystal_walls, trog_hazing_becter,
          uniq_pikel
D:5:      layout_rooms, first_ration, serial_glass, glass_columns_b,
          glass_columns_c, lemuel_altar_in_water
D:6:      layout_basic, chequers_temple_overflow_statue_of_worship,
          minmay_temple_entry_grid, uniq_prince_ribbit1
D:7:      layout_layer_cave
D:8:      layout_basic, uniq_psyche
D:9:      layout_layer_cave, basic_altar, gammafunk_ghost_spectres
D:10:     layout_roguey, erik_lair_island
D:11:     layout_loops_corners, special_room [special_room_orc]
D:12:     layout_irregular_city, hiddenorc2_lemuel
D:13:     layout_gridville, portal_ice_cave_entry_imps, hangedman_fish_farm
Temple:   dpeg_five_rooms_temple
Lair:1:   layout_concentric_octagons, gammafunk_ghost_wrathful_warriors,
          st_stairs_3
IceCv:    ice_cave_statue_garden_chambered
